 Dungeon Crawl Stone Soup version 0.31-a0-188-g5e087ee2ca (webtiles) character file.

Game seed: 1625598402003612988

179 qw the Skirmisher (level 5, 0/29 HPs)
             Began as a Deep Elf Hunter on June 23, 2023.
             Slain by a rat zombie (1 damage)
             ... in an ossuary.
             The game lasted 00:00:49 (1524 turns).

qw the Skirmisher (Deep Elf Hunter)                 Turns: 1524, Time: 00:00:50

Health: 0/29       AC:  6    Str:  8 (10) XL:     5   Next: 32%
Magic:  7/7        EV: 10    Int: 12 (14) God:
Gold:   116        SH:  0    Dex: 15 (18) Spells: 4/4 levels left

rFire   . . .        Y - +1 shortbow
rCold   . . .        (shield currently unavailable)
rNeg    . . .        h - +0 ring mail
rPois   .            (no helmet)
rElec   .            f - +0 cloak
rCorr   .            (no gloves)
SInv    +            (no boots)
Will    .....        e - amulet of faith
Stlth   +            d - ring of see invisible
HPRegen 0.24/turn    (no ring)
MPRegen 0.10/turn

%: faith
@: about to teleport
A: no striking features
a: no special abilities


You were in an ossuary.
You visited 1 branch of the dungeon, and saw 4 of its levels.
You also visited: Ossuary.

You collected 116 gold pieces.


   Skills:
 - Level 1.5 Fighting
 + Level 8.8 Ranged Weapons
 - Level 2.4 Dodging
 - Level 1.2 Stealth


You had 4 spell levels left.
You didn't know any spells.
Your spell library was empty.

Inventory:

Hand Weapons
 Y - a +1 shortbow (weapon)
Armour
 f - a +0 cloak (worn)
 h - a +0 ring mail (worn)
Jewellery
 d - a ring of see invisible (left hand)
 e - an amulet of faith (around neck)
Scrolls
 b - a scroll of identify
Potions
 g - a potion of cancellation

Dungeon Overview and Level Annotations

Branches:
Dungeon (5/15)            Ossuary (1/1)
 Temple: D:4-7

Altars:
Gozag

Shops:
D:1 *


Message History

The arrow closely misses the elf zombie.
The goblin zombie hits you but does no damage.
The hobgoblin zombie closely misses you.
The goblin zombie closely misses you. The human zombie closely misses you.
The kobold zombie barely misses you.
You shoot an arrow.
The arrow completely misses the human zombie.
The arrow hits the elf zombie.
The elf zombie is lightly damaged.
The gnoll zombie barely misses you. The rat zombie closely misses you.
The gnoll zombie hits you.
The hobgoblin zombie hits you but does no damage.
The goblin zombie hits you but does no damage. x2
The human zombie hits you. The kobold zombie closely misses you.
1522 ||| READING scroll of teleportation.
As you read the scroll of teleportation, it crumbles to dust.
You feel strangely unstable.
The gnoll zombie hits you but does no damage.
The rat zombie barely misses you.
The hobgoblin zombie hits you but does no damage.
The gnoll zombie hits you but does no damage.
The goblin zombie hits you but does no damage.
The goblin zombie hits you. The human zombie hits you.
The kobold zombie hits you but does no damage.
You shoot an arrow.
The arrow closely misses the human zombie.
The arrow hits the elf zombie.
The elf zombie is lightly damaged.
You feel your willpower return.
The rat zombie bites you but does no damage.
The hobgoblin zombie hits you but does no damage.
The gnoll zombie hits you but does no damage.
The gnoll zombie closely misses you.
The goblin zombie hits you but does no damage. x2
The human zombie hits you but does no damage.
The kobold zombie closely misses you.
You shoot an arrow. The arrow hits the human zombie!
The human zombie is severely damaged.
The rat zombie bites you.
You die...

...............
...............
...............
...............
...............
.......Z.......
......ZZZ......
.....ZZ@Z......
......ZZZ......
.......Z.......
...............
...............
...............
...............
...............


You could see a rat zombie, 2 goblin zombies, a hobgoblin zombie, 2 gnoll
zombies, a kobold zombie, an orc zombie, 2 elf zombies and a human zombie.

Vanquished Creatures
  2 hounds (D:5)
  An iguana (D:5)
  4 adders
  A worm (D:2)
  2 dart slugs (D:2)
  6 ball pythons
  2 endoplasms
  4 hobgoblins
  7 jackals (D:1)
  4 quokkas
  3 bats (D:1)
  2 frilled lizards (D:1)
  4 goblins
  A jackal zombie (Ossuary)
  5 kobolds
  2 rats
50 creatures vanquished.

Notes
Turn   | Place    | Note
-------+----------+-------------------------------------------
     0 | D:1      | qw the Deep Elf Hunter began the quest for the Orb.
     0 | D:1      | Reached XP level 1. HP: 12/12 MP: 3/3
     0 | D:1      | 0 ||| qw: Version: 0.3-a-9-g12657ce
     0 | D:1      | 0 ||| qw: Game counter: 4060
     0 | D:1      | 0 ||| qw: Always use a shield: true
     0 | D:1      | 0 ||| qw: God list: Okawaru
     0 | D:1      | 0 ||| qw: Allow faded altars: false
     0 | D:1      | 0 ||| qw: Do Orc after D:15 true
     0 | D:1      | 0 ||| qw: Do second Lair branch before Depths: true
     0 | D:1      | 0 ||| qw: Lair rune preference: random
     0 | D:1      | 0 ||| qw: Plans: Normal
     0 | D:1      | 0 ||| PLANNING D:1-11
   107 | D:1      | Found Lileb's Assorted Antiques.
   116 | D:1      | 116 ||| SHOPLISTING scroll labelled HEAPLEP OTUT (24 gold,
                  | have 6).
   116 | D:1      | 116 ||| SHOPLISTING scroll labelled JILOACHIT PUWNIY (24
                  | gold, have 6).
   116 | D:1      | 116 ||| SHOPLISTING scroll labelled PISUDUFUTO (24 gold,
                  | have 6).
   116 | D:1      | 116 ||| SHOPLISTING scroll labelled TUNANOD CURPHE (24
                  | gold, have 6).
   138 | D:1      | Reached XP level 2. HP: 16/16 MP: 4/4
   156 | D:1      | Reached skill level 6 in Ranged Weapons
   495 | D:1      | 495 ||| UPGRADING to +0 ring mail.
   505 | D:1      | 505 ||| DROPPING +0 leather armour.
   506 | D:1      | 506 ||| UPGRADING to ring of see invisible.
   507 | D:1      | 507 ||| READING 2 scrolls labelled JILOACHIT PUWNIY.
   512 | D:1      | 512 ||| READING scroll labelled HEAPLEP OTUT.
   513 | D:1      | 513 ||| READING scroll labelled TUNANOD CURPHE.
   514 | D:1      | 514 ||| DROPPING scroll of butterflies.
   523 | D:2      | 523 ||| STAIRDANCE
   579 | D:2      | HP: 4/16 [worm (3)]
   580 | D:2      | 580 ||| READING 2 scrolls of teleportation.
   645 | D:2      | Reached XP level 3. HP: 20/20 MP: 5/5
   794 | D:2      | Reached skill level 7 in Ranged Weapons
  1058 | D:2      | 1058 ||| FLEEEEING.
  1059 | D:2      | 1059 ||| FLEEEEING.
  1060 | D:2      | 1060 ||| FLEEEEING.
  1061 | D:2      | 1061 ||| FLEEEEING.
  1062 | D:2      | 1062 ||| FLEEEEING.
  1063 | D:2      | 1063 ||| FLEEEEING.
  1067 | D:2      | 1067 ||| FLEEEEING.
  1075 | D:2      | 1075 ||| FLEEEEING.
  1076 | D:2      | 1076 ||| FLEEEEING.
  1128 | D:2      | Found an opulent altar of Gozag.
  1150 | D:2      | Reached XP level 4. HP: 25/25 MP: 6/6
  1298 | D:2      | 1298 ||| UPGRADING to +0 cloak.
  1303 | D:2      | 1303 ||| UPGRADING to amulet of faith.
  1308 | D:2      | 1308 ||| READING scroll labelled ULA FEAZOIP.
  1309 | D:2      | 1309 ||| DRINKING 2 bubbling coppery potions.
  1310 | D:2      | 1310 ||| DROPPING potion of brilliance.
  1374 | D:3      | You fall into a shaft and drop 2 floors!
  1374 | D:5      | Entered Level 5 of the Dungeon
  1375 | D:5      | 1375 ||| PLANNING OSSUARY
  1413 | D:5      | Reached skill level 8 in Ranged Weapons
  1422 | D:5      | Reached XP level 5. HP: 24/29 MP: 7/7
  1448 | D:5      | Found a sand-covered staircase.
  1483 | D:5      | 1483 ||| READING scroll labelled LIUPHEINU ZIGG.
  1495 | D:5      | 1495 ||| DRINKING 2 smoky brown potions.
  1496 | D:5      | 1496 ||| READING 2 scrolls of identify.
  1496 | D:5      | 1496 ||| IDENTIFYING red potion
  1497 | D:5      | 1497 ||| DROPPING potion of degeneration.
  1505 | Ossuary  | Entered an ossuary
  1521 | Ossuary  | HP: 6/29 [human zombie (4)]
  1522 | Ossuary  | 1522 ||| READING scroll of teleportation.
  1522 | Ossuary  | HP: 1/29 [human zombie (4)]
  1524 | Ossuary  | Slain by a rat zombie

Levels and vault maps discovered:
D:1:      spicycebolla_green_bress_n_ham_2, layout_rooms, serial_shops, shop,
          nicolae_figureground_pulse
D:2:      layout_basic, basic_altar, minmay_quantized
D:3:      layout_basic, overflow_temple_1_default,
          shapermc_ecumenical_altar_rom_forum, serial_park_tiny_2,
          dk_vineyard_3, uniq_natasha
D:5:      layout_gridville, nicolae_overflow_hidden_temple,
          nicolae_ossuary_entry_false_entrances
Ossuary:  ossuary_minmay_tomb_2a

Skill      XL: |  1  2  3  4 |
---------------+-------------+-----
Ranged Weapons | 6 7 8 |  8.8
Fighting       | |  1.5
Dodging        | |  2.4
Stealth        | |  1.2

Action                     |  1- 3 |  4- 6 || total
---------------------------+-------+-------++-------
   Fire: Shortbow          |   125 |    55 ||   180
    Use: Scroll            |     4 |     4 ||     8
         Potion            |       |     2 ||     2
 Armour: Leather armour    |    12 |       ||    12
         Ring mail         |     6 |    47 ||    53
  Dodge: Dodged            |    26 |    49 ||    75

Table legend:
 A = Non-vault XP
 B = Vault XP
 C = Vault XP percentage of total XP
 D = Non-vault monster count
 E = Vault monster count
 F = Vault count percentage of total count
                 A         B        C        D         E       F
            +---------+---------+-------+---------+---------+-------
      Total |     239 |      17 |   6.6 |      46 |       4 |   8.0
            +---------+---------+-------+---------+---------+-------
        D:1 |      39 |       0 |   0.0 |      23 |       0 |   0.0
        D:2 |      58 |      16 |  21.6 |      15 |       3 |  16.7
        D:3 |       7 |       0 |   0.0 |       4 |       0 |   0.0
        D:5 |     135 |       0 |   0.0 |       4 |       0 |   0.0
    Ossuary |       0 |       1 | 100.0 |       0 |       1 | 100.0
            +---------+---------+-------+---------+---------+-------
